 Dungeon Crawl Stone Soup version 0.28.0-45-g0d030f2227 (webtiles) character file.

Game seed: 14281128405747752361

5404 Ablot the Slicer (level 10, -10/83 HPs)
             Began as a Gnoll Chaos Knight on Apr 16, 2022.
             Was a Plaything of Xom.
             Mangled by a warg (22 damage)
             ... on level 8 of the Dungeon.
             The game lasted 00:15:24 (8422 turns).

Ablot the Slicer (Gnoll Chaos Knight)               Turns: 8422, Time: 00:15:25

Health: -10/83     AC:  9    Str: 13      XL:     10   Next: 67%
Magic:  19/19      EV: 13    Int: 16      God:    Xom [*.....]
Gold:   238        SH:  5    Dex:  9 (12) Spells: 21/21 levels left

rFire   . . .      SeeInvis .   a - +0 short sword (chaos)
rCold   + . .      Faith    .   (no shield)
rNeg    . . .      Spirit   .   b - +2 leather armour
rPois   .          Reflect  +   j - +2 helmet
rElec   .          Harm     .   (no cloak)
rCorr   .          Rampage  .   (no gloves)
Will    .....                   (no boots)
Stlth   +++.......              A - amulet of reflection
HPRegen 0.23/turn               m - ring of protection from cold
MPRegen 0.16/turn               (no ring)

@: no status effects
A: fangs 1, strong nose, distributed training, clever 1, deterioration 1
a: Renounce Religion


You were on level 8 of the Dungeon.
You worshipped Xom.
You were a special plaything of Xom.
You visited 1 branch of the dungeon, and saw 8 of its levels.

You collected 323 gold pieces.
You spent 85 gold pieces at shops.

Inventory:

Hand Weapons
 a - a +0 short sword of chaos (weapon)
 t - a +2 hand axe of flaming
 I - the +2 great mace "Deyxuv" {flame, Fly rElec rF- Dex+5}
   (Xom gifted it to you on level 7 of the Dungeon)

   It burns those it strikes, dealing additional fire damage.
   Dex:       It affects your dexterity (+5).
   rF:        It makes you vulnerable to fire.
   rElec:     It insulates you from electricity.
   Fly:       It grants you flight.
 J - a +2 spectral quarterstaff
Missiles
 c - 161 stones
 e - 66 sling bullets
 h - 29 bolts
 p - 21 poisoned darts (quivered)
 v - 14 boomerangs
 x - 64 arrows
 F - 3 javelins
 G - 3 atropa-tipped darts
Armour
 b - a +2 leather armour (worn)
 j - a +2 helmet (worn)
 u - a +0 leather armour of fire resistance
Jewellery
 m - a ring of protection from cold (left hand)
 A - an amulet of reflection (around neck)
Wands
 k - a wand of polymorph (13)
 r - a wand of iceblast (2)
 z - a wand of flame (30)
 C - a wand of mindburst (19)
Scrolls
 d - 3 scrolls of identify
 g - 3 scrolls of enchant armour {unknown}
 n - 2 scrolls of immolation {unknown}
 o - 2 scrolls of vulnerability {unknown}
 q - 3 scrolls of blinking {unknown}
 s - 3 scrolls of amnesia {unknown}
 w - a scroll of summoning {unknown}
 y - 2 scrolls of noise {unknown}
 B - 2 scrolls of fog {unknown}
 H - 4 scrolls of teleportation {unknown}
Potions
 f - a potion of heal wounds
 i - 3 potions of brilliance {unknown}
 l - a potion of curing
 D - a potion of attraction {unknown}
 E - a potion of lignification


   Skills:
 + Level 9.0 Fighting
 + Level 9.0 Short Blades
 + Level 6.1 Long Blades
 + Level 6.1 Axes
 + Level 6.1 Maces & Flails
 + Level 6.1 Polearms
 + Level 6.1 Staves
 + Level 6.1 Slings
 + Level 6.1 Bows
 + Level 6.1 Crossbows
 + Level 6.1 Throwing
 + Level 7.7 Armour
 + Level 6.6 Dodging
 + Level 6.1 Stealth
 + Level 6.1 Shields
 + Level 6.1 Unarmed Combat
 + Level 6.1 Spellcasting
 + Level 5.0 Conjurations
 + Level 5.0 Hexes
 + Level 5.0 Summonings
 + Level 5.0 Necromancy
 + Level 5.0 Translocations
 + Level 5.0 Transmutations
 + Level 5.0 Fire Magic
 + Level 5.0 Ice Magic
 + Level 5.0 Air Magic
 + Level 5.0 Earth Magic
 + Level 5.0 Poison Magic
 + Level 6.6 Invocations
 + Level 6.1 Evocations


You had 21 spell levels left.
You didn't know any spells.
Your spell library contained the following spells:

 Spells                   Type           Power      Damage    Failure   Level
 Blade Hands              Tmut           10%        N/A       52%         5
 Irradiate                Conj/Tmut      10%        3d17      52%         5
 Dragon Form              Tmut           10%        N/A       100%        7


Dungeon Overview and Level Annotations

Branches:
Dungeon (8/15)             Temple (0/1) D:5            Lair (0/6) D:8

Altars:
Xom

Shops:
D:2 ?   D:4 *   D:5 (

Annotations:
D:3 2 runed translucent doors, CryoSword's ghost, amateur GrEE


Innate Abilities, Weirdness & Mutations

You have very sharp teeth.
Your uncanny sense of smell can sniff out nearby items.
Your experience applies equally to all skills.
Your mind is acute. (Int +2)
Your body sometimes deteriorates upon taking damage.


Message History

The warg barely misses you.
You hit the warg.
The warg is poisoned.
You bite the warg.
The warg is lightly wounded.
The warg barely misses you.
You hit the warg but do no damage.
The warg seems to speed up.
Your punch misses the warg. You bite the warg, but do no damage.
The warg is lightly wounded.
The warg barely misses you.
You closely miss the warg. You bite the warg, but do no damage.
The warg is lightly wounded.
You block the warg's attack. The warg closely misses you.
You barely miss the warg. Your bite misses the warg.
The warg is moderately wounded.
You block the warg's attack.
You hit the warg. Your bite misses the warg.
The warg is moderately wounded.
The warg bites you!
You closely miss the warg.
The warg is heavily wounded.
You block the warg's attack. The warg bites you but does no damage.
You hit the warg. You bite the warg, but do no damage.
The warg is heavily wounded.
The warg misses you.
You hit the warg but do no damage. You bite the warg, but do no damage.
The warg is severely wounded.
The warg misses you. You block the warg's attack.
You hit the warg but do no damage.
The warg seems to grow stronger.
The warg is heavily wounded.
The warg stops to sniff the ground.
The warg completely misses you.
You closely miss the warg.
The warg is heavily wounded.
The warg closely misses you.
You hit the warg. You burn the warg. You bite the warg, but do no damage.
The warg is severely wounded.
The warg bites you!!
* * * LOW HITPOINT WARNING * * *
The warg bites you!!
You die...
Xom giggles madly!

#..#####..# ###.## .
###...# ###...### #
#...### ..####.###
.......# .
..##..############ ..
....>........hhh@# ##...
..#####......oo#####.....
. ########.o##?......
#....#§o......
#.^..o§.......
#..........>..
#........$....
######..$§...P ##.......


You could see 3 wargs and 2 orcs.

Vanquished Creatures
  A cane toad (shapeshifter) (D:5)
  A wyvern (D:7)
  Menkaure (D:4)
  2 water moccasins
  2 ice beasts (D:5)
  A sky beast (D:5)
  4 necrophages
  2 ogres
  A phantom (D:5)
  3 kobold brigands
  2 bullfrogs
  A scorpion (D:6)
  A water moccasin zombie (D:6)
  A jelly (D:6)
  A bullfrog zombie (D:5)
  3 hounds
  A bullfrog skeleton (D:3)
  Terence (D:2)
  6 iguanas
  3 orc wizards
  Robin (D:2)
  4 gnolls
  7 adders
  A howler monkey skeleton (D:5)
  3 white imps
  An ufetubus (D:6)
  2 adder skeletons (D:4)
  3 dart slugs
  15 orcs
  5 endoplasms
  A giant cockroach (D:3)
  8 hobgoblins
  3 quokkas
  4 ball pythons
  3 bats
  3 frilled lizards
  12 goblins
  17 kobolds
  5 rats
136 creatures vanquished.

Vanquished Creatures (collateral kills)
  An acid dragon (D:5)
  3 gnolls (D:5)
  An orc (D:3)
  A goblin (D:3)
6 creatures vanquished.

Vanquished Creatures (others)
  Joseph (D:7)
  A necrophage (D:5)
  A scorpion zombie (D:5)
  A white imp (D:7)
  An orc (D:7)
  2 fungi (D:2)
  2 plants
9 creatures vanquished.

Grand Total: 151 creatures vanquished

Notes
Turn   | Place    | Note
-------+----------+-------------------------------------------
     0 | D:1      | Ablot the Gnoll Chaos Knight began the quest for the Orb.
     0 | D:1      | Reached XP level 1. HP: 23/23 MP: 1/1
   125 | D:1      | XOM: silly message
   156 | D:1      | XOM: silly message
   246 | D:1      | Reached XP level 2. HP: 19/29 MP: 2/2
   899 | D:2      | Found Liatul's Magic Scroll Boutique.
   904 | D:2      | Bought a scroll of identify for 22 gold pieces
   906 | D:2      | Noticed Robin
   914 | D:2      | XOM: silly message
   916 | D:2      | Found a faded altar of an unknown god.
   923 | D:2      | XOM: silly message
   925 | D:2      | Reached XP level 3. HP: 29/35 MP: 3/3
   963 | D:2      | Killed Robin
   964 | D:2      | Reached skill level 1 in Invocations
  1203 | D:2      | XOM: noise
  1327 | D:2      | Reached skill level 1 in Long Blades
  1327 | D:2      | Reached skill level 1 in Axes
  1327 | D:2      | Reached skill level 1 in Maces & Flails
  1327 | D:2      | Reached skill level 1 in Polearms
  1327 | D:2      | Reached skill level 1 in Staves
  1327 | D:2      | Reached skill level 1 in Slings
  1327 | D:2      | Reached skill level 1 in Bows
  1327 | D:2      | Reached skill level 1 in Crossbows
  1327 | D:2      | Reached skill level 1 in Throwing
  1327 | D:2      | Reached skill level 1 in Stealth
  1327 | D:2      | Reached skill level 1 in Shields
  1327 | D:2      | Reached skill level 1 in Unarmed Combat
  1327 | D:2      | Reached skill level 1 in Spellcasting
  1327 | D:2      | Reached skill level 1 in Evocations
  1390 | D:2      | XOM: silly message
  1622 | D:2      | Noticed Terence
  1626 | D:2      | Killed Terence
  1627 | D:2      | Reached XP level 4. HP: 38/41 MP: 5/5
  1676 | D:2      | XOM: scenery: create altars
  1759 | D:3      | Noticed an ogre
  1785 | D:2      | Killed an ogre
  1786 | D:2      | Reached skill level 1 in Conjurations
  1786 | D:2      | Reached skill level 1 in Hexes
  1786 | D:2      | Reached skill level 1 in Summonings
  1786 | D:2      | Reached skill level 1 in Necromancy
  1786 | D:2      | Reached skill level 1 in Translocations
  1786 | D:2      | Reached skill level 1 in Transmutations
  1786 | D:2      | Reached skill level 1 in Fire Magic
  1786 | D:2      | Reached skill level 1 in Ice Magic
  1786 | D:2      | Reached skill level 1 in Air Magic
  1786 | D:2      | Reached skill level 1 in Earth Magic
  1786 | D:2      | Reached skill level 1 in Poison Magic
  1786 | D:2      | Reached XP level 5. HP: 16/47 MP: 5/7
  2361 | D:2      | Reached XP level 6. HP: 8/53 MP: 8/8
  2467 | D:2      | XOM: summons 4 hostile demons
  2558 | D:3      | XOM: summons friendly quasit
  2918 | D:3      | Found a runed translucent door.
  2938 | D:3      | XOM: smoke on damage
  3039 | D:3      | XOM: summons 4 hostile shadow creatures
  3145 | D:3      | Found a runed translucent door.
  3146 | D:3      | Noticed CryoSword's ghost (amateur GrEE)
  3151 | D:3      | XOM: draining
  3230 | D:3      | Reached skill level 5 in Armour
  3508 | D:4      | Found Juamek's Assorted Antiques.
  3528 | D:4      | Bought a scroll labelled PAUWNE ITIFUS for 22 gold pieces
  3528 | D:4      | Bought a scroll labelled QEHEM CEETZIFF for 22 gold pieces
  3528 | D:4      | Bought a sedimented inky potion for 19 gold pieces
  3597 | D:4      | XOM: enchant monster (bad)
  3695 | D:4      | XOM: 2-stop teleportation journey
  3822 | D:4      | Noticed a necrophage
  3828 | D:4      | XOM: blink monster(s)
  3829 | D:4      | Killed a necrophage
  3830 | D:4      | Reached XP level 7. HP: 57/60 MP: 10/10
  3946 | D:4      | Noticed Menkaure
  3954 | D:4      | Killed Menkaure
  4296 | D:5      | Entered Level 5 of the Dungeon
  4305 | D:5      | XOM: noise
  4599 | D:5      | Found Ozyisyi's Antique Weapon Shop.
  4692 | D:5      | Reached XP level 8. HP: 50/67 MP: 12/12
  4710 | D:5      | XOM: god gift: scroll labelled YCLOBR KAOSO {god gift}
  4786 | D:5      | Found a staircase to the Ecumenical Temple.
  4789 | D:5      | XOM: potion effect (invisibility)
  4950 | D:5      | XOM: smoke on damage
  5156 | D:5      | XOM: divine lightning
  5549 | D:5      | XOM: scenery: 2 doors open
  5720 | D:5      | Noticed a shapeshifter
  5720 | D:5      | a gnoll changed into a shapeshifter
  5721 | D:5      | Noticed a cane toad
  5721 | D:5      | a shapeshifter changed into a cane toad
  5723 | D:5      | XOM: smoke on damage
  5724 | D:5      | XOM: cast spell 'Summon Mana Viper'
  5728 | D:5      | Killed a cane toad
  5729 | D:5      | Reached XP level 9. HP: 46/73 MP: 14/14
  5752 | D:5      | XOM: summons friendly quasit
  5795 | D:5      | XOM: give mutation
  5795 | D:5      | Gained mutation: Your body sometimes deteriorates upon
                  | taking damage. [Xom's mischief]
  5846 | D:5      | XOM: silly message
  5894 | D:5      | XOM: polymorph quasit -> crimson imp
  6084 | D:6      | XOM: god gift: 3 atropa-tipped darts
  6447 | D:6      | XOM: enchant monster (bad)
  6453 | D:5      | XOM: polymorph gnoll sergeant -> acid dragon
  6484 | D:5      | XOM: summons 3 friendly demons
  6485 | D:5      | HP: 3/74 [gnoll/+0 spear (3)]
  6492 | D:5      | Reached skill level 5 in Dodging
  6980 | D:7      | XOM: silly message
  7123 | D:7      | XOM: potion effect (experience)
  7123 | D:7      | Reached XP level 10. HP: 83/83 MP: 15/19
  7355 | D:7      | Reached skill level 5 in Conjurations
  7355 | D:7      | Reached skill level 5 in Hexes
  7355 | D:7      | Reached skill level 5 in Summonings
  7355 | D:7      | Reached skill level 5 in Necromancy
  7355 | D:7      | Reached skill level 5 in Translocations
  7355 | D:7      | Reached skill level 5 in Transmutations
  7355 | D:7      | Reached skill level 5 in Fire Magic
  7355 | D:7      | Reached skill level 5 in Ice Magic
  7355 | D:7      | Reached skill level 5 in Air Magic
  7355 | D:7      | Reached skill level 5 in Earth Magic
  7355 | D:7      | Reached skill level 5 in Poison Magic
  7573 | D:7      | Identified the +2 great mace "Deyxuv" {flame, Fly rElec rF-
                  | Dex+5} (Xom gifted it to you on level 7 of the Dungeon)
  7573 | D:7      | XOM: god gift: +2 great mace "Deyxuv" {flame, Fly rElec rF-
                  | Dex+5}
  7633 | D:7      | HP: 1/83 [wyvern (16)]
  7693 | D:7      | XOM: give mutation
  7693 | D:7      | Gained mutation: Your mind is acute. (Int +2) [Xom's grace]
  7964 | D:7      | Noticed Joseph
  7983 | D:7      | Killed Joseph
  7983 | D:7      | XOM: divine lightning
  8045 | D:7      | XOM: scenery: summon butterflies
  8391 | D:8      | Found a staircase to the Lair.
  8422 | D:8      | Mangled by a warg

Illustrated notes

Levels and vault maps discovered:
D:1:      erik_arrival_triangle_small, layout_loops_ring, minmay_tripent
D:2:      layout_loops_ring, shapermc_ecumenical_altar_acropolis, serial_shops,
          shop_statue, uniq_terence, uniq_robin
D:3:      layout_rooms, ebering_ghost_sewer_f, eino_tiny_chamber,
          saegor_snake_ambush
D:4:      layout_basic, nicolae_stop_n_shop_2, uniq_menkaure
D:5:      layout_basic, minmay_temple_entry_stoned_glass, serial_shops,
          nicolae_shop_advertising_works [nicolae_subvault_shop_adworks],
          cheibrodos_gnoll_hut
D:6:      layout_gridville
D:7:      layout_basic, dk_vineyard_2, uniq_joseph
D:8:      layout_rooms, nicolae_overflow_hidden_temple, bloody_trog,
          erik_lair_orcish_takeover, nrook_mini_vaults

Skill      XL: |  1  2  3  4  5  6  7  8  9 10 |
---------------+-------------------------------+-----
Invocations    | 1 2 3 4 6 |  6.6
Long Blades    | 1 2 3 6 |  6.1
Axes           | 1 2 3 6 |  6.1
Maces & Flails | 1 2 3 6 |  6.1
Polearms       | 1 2 3 6 |  6.1
Staves         | 1 2 3 6 |  6.1
Slings         | 1 2 3 6 |  6.1
Bows           | 1 2 3 6 |  6.1
Crossbows      | 1 2 3 6 |  6.1
Throwing       | 1 2 3 6 |  6.1
Stealth        | 1 2 3 6 |  6.1
Shields        | 1 2 3 6 |  6.1
Unarmed Combat | 1 2 3 6 |  6.1
Spellcasting   | 1 2 3 6 |  6.1
Evocations     | 1 2 3 6 |  6.1
Dodging        | 3 4 6 |  6.6
Conjurations   | 1 2 3 4 5 |  5.0
Hexes          | 1 2 3 4 5 |  5.0
Summonings     | 1 2 3 4 5 |  5.0
Necromancy     | 1 2 3 4 5 |  5.0
Translocations | 1 2 3 4 5 |  5.0
Transmutations | 1 2 3 4 5 |  5.0
Fire Magic     | 1 2 3 4 5 |  5.0
Ice Magic      | 1 2 3 4 5 |  5.0
Air Magic      | 1 2 3 4 5 |  5.0
Earth Magic    | 1 2 3 4 5 |  5.0
Poison Magic   | 1 2 3 4 5 |  5.0
Armour         | 5 6 7 |  7.7
Fighting       | 7 9 |  9.0
Short Blades   | 7 9 |  9.0

Action                   |  1- 3 |  4- 6 |  7- 9 | 10-12 || total
-------------------------+-------+-------+-------+-------++-------
Melee: Short sword       |   105 |   154 |   327 |   121 ||   707
       Bite              |     6 |    12 |    32 |    15 ||    65
       Punch             |     1 |     4 |     8 |     4 ||    17
Throw: Stone             |       |     1 |       |       ||     1
       Boomerang         |       |     4 |    12 |       ||    16
       Dart              |       |       |       |    10 ||    10
  Use: Scroll            |       |       |     5 |       ||     5
       Potion            |       |       |     3 |     3 ||     6
 Stab: Petrifying        |     2 |       |     1 |       ||     3
       Distracted        |     1 |       |       |       ||     1
       Petrified         |       |     1 |       |       ||     1
       Sleeping          |       |       |     5 |     1 ||     6
       Paralysed         |       |       |     3 |       ||     3
       Invisible         |       |       |     2 |       ||     2
       Confused          |       |       |     1 |       ||     1
Armor: Leather armour    |    26 |    51 |    95 |    24 ||   196
Dodge: Dodged            |    59 |    95 |   161 |    64 ||   379
Block: Other             |       |       |    55 |    27 ||    82
       Reflection        |       |       |       |     3 ||     3
